Match 46995392
Unlisted

Match 46995392
End
Selects Luftwaffe Battlegroup
Selects Luftwaffe Pioneer Support
Fallschirmpioneer Squad Paradrop
Construct Infanterie Kompanie
Grenadier Squad
Grenadier Squad
Selects Stuka Strafing Run
Stuka Strafing Run
Fallschirmpioneer Squad Paradrop
Construct Luftwaffe Kompanie
Stuka Strafing Run
Selects Fallschirmjäger Squad Paradrop
Spaghettiumborn™
Valieriumborn's Daddy
Palistine IsReal lol
[82AD] PaulGMax
Snax254
WeakTendon
marcinlab
Sponge_bobby
0
0

Comments sign in to comment!

No comments posted yet!